 Dungeon Crawl Stone Soup version 0.30.0-11-gf55b779eaf (webtiles) character file.

Game seed: 10741030235092836279

49 Hrothgar the Trooper (level 3, -9/33 HPs)
             Began as a Hill Orc Fighter on May 16, 2023.
             Was an Initiate of Beogh.
             Killed by divine providence
             ... invoked by an orc priest
              (12 damage)
             ... on level 3 of the Dungeon.
             The game lasted 00:02:41 (520 turns).

Hrothgar the Trooper (Hill Orc Fighter)              Turns: 520, Time: 00:02:41

Health: -9/33      AC:  6    Str: 18    XL:     3   Next: 77%
Magic:  3/3        EV:  9    Int: 10    God:    Beogh [......]
Gold:   22         SH:  4    Dex: 10    Spells: 2/2 levels left

rFire   . . .        a - +0 war axe
rCold   . . .        c - +0 buckler
rNeg    . . .        b - +0 scale mail
rPois   .            (no helmet)
rElec   .            (no cloak)
rCorr   .            (no gloves)
SInv    .            (no boots)
Will    .....        (no amulet) Stlth
                     (no ring)
HPRegen 0.25/turn    (no ring)
MPRegen 0.08/turn

%: no passive effects
@: no status effects
A: no striking features
a: Renounce Religion


You were on level 3 of the Dungeon.
You worshipped Beogh.
Beogh was noncommittal.
You visited 1 branch of the dungeon, and saw 3 of its levels.

You collected 22 gold pieces.

Inventory:

Hand Weapons
 a - a +0 war axe (weapon)
Armour
 b - a +0 scale mail (worn)
 c - a +0 buckler (worn)
Scrolls
 h - 2 scrolls of fog
 j - a scroll of immolation
Potions
 d - a potion of might
 e - a potion of brilliance {unknown}
 f - a potion of mutation {unknown}
 l - a potion of haste {unknown}


   Skills:
 * Level 4.1 Fighting
 * Level 3.6 Axes
 * Level 3.6 Armour
 * Level 0.7 Dodging
 * Level 0.4 Stealth
 * Level 3.5 Shields


You had 2 spell levels left.
You didn't know any spells.
Your spell library contained the following spells:

 Spells                   Type           Power      Damage    Failure   Level
 Apportation              Tloc           0%         N/A       83%         1
 Alistair's Intoxication  Tmut/Pois      0%         N/A       100%        5


Dungeon Overview and Level Annotations

Branches:
Dungeon (3/15)

Altars:
Ashenzari

Annotations:
D:2 1 runed translucent door
D:3 2 runed translucent doors


Message History

You assume a fearsome visage.
The orc looks frightened!
The orc shouts!
The orc priest looks frightened!
The orc looks frightened!
The orc shouts!
The orc wizard looks frightened!
The orc wizard shouts!
The orc priest looks frightened!
The orc wizard gestures wildly while chanting.
The orc wizard flickers and vanishes!
The orc howls, "Help!"
The orc shouts!
You hit the orc.
Your attack snaps the orc out of its fear.
The orc is heavily wounded.
The orc barely misses you. The orc hits you but does no damage.
You closely miss the orc.
The orc is heavily wounded.
The orc hits you with a +0 morningstar!
* * * LOW HITPOINT WARNING * * *
The orc priest calls upon Beogh to heal the orc.
The orc's wounds heal themselves!
You slash the orc!
You kill the orc!
That felt strangely unrewarding.
Unknown command.
It was a potion of heal wounds.
You feel much better.
You hit the orc priest.
The orc priest is lightly wounded.
The orc priest calls down the wrath of Beogh upon you.
Beogh smites you!
The orc priest calls down the wrath of Beogh upon you.
Pain shoots through your body!
* * * LOW HITPOINT WARNING * * *
You slash the orc priest!
The orc priest is almost dead.
The orc priest invokes the aid of Beogh against you.
Beogh smites you!
You die...
Beogh appreciates the orc priest's killing of a heretic priest.

####### . #######.....# ..
##.....#.._..# ...
#####......##...###...
......................
#..................
#..................
#.###..................
#...).@.........).....o
####..o.........)...###
###......:......##
##...........##
#..#........##.....#..#
#...#.##...............#..#
#...#.##.......######..#..#
#.............. ##....#####
#...#.##....8+8 #.).......


You could see an orc priest.

Vanquished Creatures
  An adder (D:2)
  A dart slug (D:2)
  A worm (D:2)
  3 orcs (D:3)
  A ball python (D:1)
  3 endoplasms
  2 giant cockroaches (D:2)
  4 goblins
  3 hobgoblins
  3 jackals (D:1)
  3 kobolds (D:3)
  A quokka (D:1)
  2 bats
28 creatures vanquished.

Vanquished Creatures (others)
  2 dart slugs (D:3)
2 creatures vanquished.

Grand Total: 30 creatures vanquished

Notes
Turn   | Place    | Note
-------+----------+-------------------------------------------
     0 | D:1      | Hrothgar the Hill Orc Fighter began the quest for the Orb.
     0 | D:1      | Reached XP level 1. HP: 19/19 MP: 1/1
    37 | D:1      | Reached XP level 2. HP: 15/27 MP: 2/2
   194 | D:2      | Reached skill level 4 in Fighting
   194 | D:2      | Reached XP level 3. HP: 32/33 MP: 3/3
   204 | D:2      | Found a runed translucent door.
   430 | D:3      | Found a large runed translucent door.
   430 | D:3      | Found a large runed translucent door.
   439 | D:3      | Became a worshipper of Beogh the Brigand
   486 | D:3      | Found a broken altar of Ashenzari.
   520 | D:3      | Killed from afar by an orc priest

Illustrated notes

Levels and vault maps discovered:
D:1:      saegor_arrival_simple_d, layout_rooms
D:2:      layout_loops_ring, uniq_crazy_yiuf_cottage
D:3:      layout_rooms, jmf_multi_god_temple2, mainiacjoe_overflow_alcove_1

Skill      XL: |  1  2 |
---------------+-------+-----
Axes           | 3 |  3.6
Fighting       | 4 |  4.1
Armour         | |  3.6
Dodging        | |  0.7
Stealth        | |  0.4
Shields        | |  3.5

Action                     || total
---------------------------++-------
  Melee: War axe           ||    74
 Invoke: Convert to Beogh  ||     1
    Use: Scroll            ||     4
         Potion            ||     1
 Armour: Scale mail        ||    47
  Dodge: Dodged            ||    47
  Block: Buckler           ||    23
